 Zot Defence DCSS version 0.15.2 (webtiles) character file.

331 jerryfan the Charlatan (level 6, -1/46 (48) HPs)
             Began as a Draconian Artificer on Sept 24, 2016.
             Killed by an exploding giant spore (14 damage)
             ... summoned by the player character
             ... set off by their pet
             ... in the Realm of Zot (Scenario I: Hall of Zot).
             The game lasted 00:11:43 (531 turns).

jerryfan the Charlatan (Draconian Artificer)         Turns: 531, Time: 00:11:43

HP  -1/46 (48)   AC  6     Str 15      XL: 6   Next: 26%
MP  11/11        EV 13     Int 13      God:
Gold 0           SH  0     Dex 11      Spells:  0 memorised,  5 levels left

rFire  . . .     SeeInvis .     a - +0 short sword
rCold  . . .     Clarity  .     (armour unavailable)
rNeg   . . .     rCorr    .     (no shield)
rPois  .         rRot     .     (helmet restricted)
rElec  .         Spirit   .     (no cloak)
SustAb .         Warding  .     (no gloves)
rMut   .         Stasis   .     (no boots)
Gourm  .                        (no amulet)
MR     .....                    (no ring)
                                (no ring)

@: confused, not resistant to hostile enchantments, very unstealthy
A: unfitting armour, cold-blooded, AC +6
a: Make oklob sapling, Make arrow trap, Make plant, Remove Curse, Make burning
bush, Make altar, Make grenades


You were in the Realm of Zot.
You were not hungry.

You visited 1 branch

Inventory:

Hand weapons
 a - a +0 short sword (weapon)
Magical devices
 b - a wand of flame (12)
 c - a wand of enslavement (8)
 d - a wand of random effects (11)
Comestibles
 h - a chunk of ball python flesh
 k - a rotting chunk of giant cockroach flesh
Scrolls
 l - a scroll of blinking
Potions
 f - 3 potions of curing
 i - a potion of haste
 j - 2 potions of magic


   Skills:
 + Level 2.1 Fighting
 + Level 1.8 Short Blades
 + Level 4.1 Dodging
 - Level 0.8 Stealth
 + Level 5.5 Evocations


You had 5 spell levels left.
You didn't know any spells.

Dungeon Overview and Level Annotations

Branches:
    Zot (1/1)

Altars:


Innate Abilities, Weirdness & Mutations

Your plain brown scales are hard (AC +6).
Your body does not fit into most forms of armour.
Your cold-blooded metabolism reacts poorly to cold.


Message History

Your hound bites the jackal.
A jackal comes into view.
The jackal bites your hound but does no damage.
The jackal moves out of view.
The giant newt bites you.
* * * LOW HITPOINT WARNING * * *
Your hound misses the jackal. The ball python misses you.
The ball python grabs you. The ball python constricts you.
Your giant spore explodes!
The ball python appears confused.
The explosion of spores engulfs the ball python.
The ball python dies!
The giant newt appears confused.
The explosion of spores engulfs the giant newt.
The giant newt dies!
The explosion of spores engulfs Neusme.
The jackal appears confused.
The explosion of spores engulfs the jackal.
The jackal dies!
The explosion of spores engulfs you!
You are confused.
You die...

######### ######### ....####
####.... .......### ###.......
.........## ##.........
..........# ▓▓▓▓▓▓▓▓▓ #..........
..........▓▓▓.......▓▓▓..........
..........▓▓.*...h...▓▓..........
.........b▓....%hh....▓..........
........)PP)%.%)@)h%..).)........
.........P▓......%....▓..........
..........▓▓.........▓▓..........
..........▓▓▓...P...▓▓▓..........
..........▓ ▓▓▓▓▓▓▓▓▓ ▓..........
.........▓▓ ▓▓.........
.......▓▓▓ ▓▓▓....... ....▓▓▓▓
▓▓▓▓.... ▓▓▓▓▓▓▓▓ ▓▓▓▓▓▓▓▓


You could see Neusme the hell hound, 2 jackals, a bat, 2 friendly oklob
saplings, a friendly hound and a friendly giant spore (wandering).

Vanquished Creatures
  A phantom (Zot)
  A hound (Zot)
  3 oozes (Zot)
  2 giant cockroaches (Zot)
  3 goblins (Zot)
  A jackal (Zot)
  A ball python (Zot)
  4 bats (Zot)
  A giant newt (Zot)
  5 kobolds (Zot)
  2 rats (Zot)
24 creatures vanquished.

Vanquished Creatures (collateral kills)
  A worm (Zot)
  An orc (Zot)
  2 ball pythons (Zot)
  2 bats (Zot)
  5 jackals (Zot)
  A giant cockroach (Zot)
  3 giant newts (Zot)
  4 goblins (Zot)
  4 kobolds (Zot)
  2 rats (Zot)
25 creatures vanquished.

Vanquished Creatures (others)
  2 oklob saplings (Zot)
  A plant (Zot)
3 creatures vanquished.

Grand Total: 52 creatures vanquished

Notes
Turn   | Place    | Note
--------------------------------------------------------------
     0 | Zot      | jerryfan, the Draconian Artificer, began the quest for the Orb.
     0 | Zot      | Reached XP level 1. HP: 16/16 MP: 1/1
   212 | Zot      | Reached XP level 2. HP: 23/23 MP: 3/3
   240 | Zot      | Noticed Notru
   301 | Zot      | Killed Notru the phantom
   301 | Zot      | Reached skill level 5 in Evocations
   301 | Zot      | Reached XP level 3. HP: 22/29 MP: 5/5
   301 | Zot      | Reached XP level 4. HP: 27/36 MP: 7/7
   301 | Zot      | Reached XP level 5. HP: 30/41 MP: 9/9
   528 | Zot      | Noticed Neusme
   528 | Zot      | Reached XP level 6. HP: 17/46 MP: 11/11
   531 | Zot      | Killed by an exploding giant spore... set off by their pet

Action                   |  1- 3 |  4- 6 || total
-------------------------+-------+-------++-------
Melee: Short sword       |    57 |    37 ||    94
 Abil: Make oklob saplin |     1 |     3 ||     4
       Make plant        |       |     3 ||     3
       Make grenades     |       |     1 ||     1
Evoke: Wand              |     7 |     7 ||    14
  Use: Potion            |     1 |     1 ||     2
  Eat: Bread ration      |       |     1 ||     1
